 Dungeon Sprint DCSS version 0.20.1-1-g8b1a95d (webtiles) character file.

21092 potatolord6000 the Messiah (level 12, -1/192 HPs)
             Began as a Hill Orc Monk on Sept 1, 2017.
             Was the Champion of Beogh.
             Slain by a two-headed ogre
             ... wielding a +0 giant spiked club
              (5 damage)
             ... in the Dungeon (Sprint VII: "The Pits").
             The game lasted 00:20:56 (2435 turns).

potatolord6000 the Messiah (Hill Orc Monk)          Turns: 2435, Time: 00:20:57

Health: -1/192     AC: 32    Str: 24    XL:     12   Next: 86%
Magic:  14/25      EV: 12    Int: 13    God:    Beogh [******]
Gold:   7          SH:  0    Dex: 13    Spells: 11/11 levels left

rFire    . . .     SeeInvis .   b - +2 long sword (flame)
rCold    . . .     Gourm    .   (no shield)
rNeg     . . .     Faith    .   g - +9 plate armour "Nesuxo" {rCorr}
rPois    .         Spirit   .   (no helmet)
rElec    .         Reflect  .   v - +0 cloak
rCorr    +         Harm     .   u - +0 pair of gloves
MR       .....     NoTele   +   w - +0 pair of boots
Stlth    ..........             y - amulet of regeneration
Regen    0.9/turn               j - +3 ring of intelligence
MPRegen  0.2/turn               p - +3 ring of evasion

@: berserking, very quick
A: walk on water
a: Smiting, Recall Orcish Followers, Give Item to Named Follower, Resurrection,
Renounce Religion


You were in the Dungeon.
You worshipped Beogh.
Beogh was exalted by your worship.
You were full.

You visited 1 branch You collected 7 gold pieces.

Inventory:

Hand Weapons
 b - a +2 long sword of flaming (weapon)
 t - a +2 scimitar of holy wrath
Armour
 f - a +3 chain mail
 g - the +9 plate armour "Nesuxo" (worn) {rCorr}
   (You found it in the Dungeon)

   It protects you from acid and corrosion.
 u - a +0 pair of gloves (worn)
 v - a +0 cloak (worn)
 w - a +0 pair of boots (worn)
Jewellery
 j - a +3 ring of intelligence (left hand)
 p - a +3 ring of evasion (right hand)
 y - an amulet of regeneration (around neck)
Scrolls
 a - 2 scrolls of enchant armour
 e - 3 scrolls of fog
 i - a scroll of recharging
 k - 6 scrolls of remove curse
 l - 5 scrolls of amnesia
 m - 2 scrolls of blinking
 z - 3 scrolls of identify
Comestibles
 c - 11 bread rations
 n - 40 fruits
 o - 5 meat rations
 r - 6 royal jellies


   Skills:
 + Level 18.7 Fighting
 + Level 17.3 Long Blades
 + Level 17.2 Armour
 - Level 2.4 Dodging
 - Level 1.5 Stealth
 + Level 19.7 Invocations


You had 11 spell levels left.
You didn't know any spells.

Dungeon Overview and Level Annotations

Branches:
Dungeon (1/1)

Altars:
Ashenzari
Cheibriados
Dithmenos
Elyvilon
Fedhas
Gozag
Hepliaklqana
Kikubaaqudgha
Makhleb
Nemelex Xobeh
Okawaru
Qazlal
Ru
Sif Muna
Trog
Uskayaw
Vehumet
Xom
Yredelemnul
Zin
The Shining One
Beogh
Jiyva
Lugonu


Message History

Unknown command.
You slash the necromancer! You burn the necromancer.
The necromancer is heavily wounded.
You hear some strange, mumbled words.
Unknown command.
You slice the necromancer!! You burn the necromancer!
You kill the necromancer!
Beogh accepts your kill.
Unknown command.
You completely miss the two-headed ogre.
Something hits you!
* * * LOW HITPOINT WARNING * * *
Something bites you!
* * * LOW HITPOINT WARNING * * *
Something draws strength from your injuries!
Unknown command.
You hit the two-headed ogre. You burn the two-headed ogre.
The two-headed ogre is lightly wounded.
The two-headed ogre hits you with a giant spiked club.
You die...

+ + # ####################
.........(........''
.......Z..........''
#######{########..## #.#O#p#}#
#..## #@#§#V#Z# #..## #=#(#§#l#.#
#..## #.#§#l#Z#|#J# #..## ##.#
#.#Z#.#O# #..## ## ######## ..##
########## # ________.# #
________.# #
_.____...###########++###########


You could see a two-headed ogre and a komodo dragon.

Vanquished Creatures
  A spriggan defender (D)
  A hydra (D)
  A hell beast (D)
  A merfolk avatar (D)
  2 catoblepae (D)
  2 hell hogs (D)
  A spriggan berserker (D)
  Urug (D)
  A deep troll (D)
  A wizard (D)
  A swamp dragon (D)
  A phantasmal warrior (D)
  A necromancer (D)
  A deep elf mage (D)
  A lindwurm (D)
  An orc knight (D)
  A cyclops (D)
  A merfolk siren (D)
  Psyche (D)
  2 orange demons (D)
  A smoke demon (D)
  A molten gargoyle (D)
  A rime drake (D)
  2 efreet (D)
  A hellwing (D)
  An ice devil (D)
  2 trolls (D)
  2 hippogriffs (D)
  A slime creature (D)
  2 snapping turtles (D)
  A water elemental (D)
  A wraith (D)
  A ynoxinul (D)
  2 vampires (D)
  7 yaks (D)
  2 basilisks (D)
  A steam dragon (D)
  A soldier ant (D)
  Edmund (D)
  4 hell hounds (D)
  A water moccasin (D)
  A floating eye (D)
  A swamp drake (D)
  Purgy (D)
  3 orc warriors (D)
  3 phantoms (D)
  A sky beast (D)
  2 black bears (D)
  2 centaurs (D)
  A wolf (D)
  A big kobold (D)
  A bullfrog (D)
  A gnoll sergeant (D)
  A scorpion (D)
  2 orc priests (D)
  An orc wizard (D)
  A worker ant (D)
  3 gnolls (D)
  An adder skeleton (D)
  A leopard gecko (D)
  An orc (D)
  A bat (D)
  A bat skeleton (D)
  2 giant cockroaches (D)
  2 ball pythons (D)
  A frilled lizard (D)
  2 kobolds (D)
  A quokka skeleton (D)
98 creatures vanquished.

Vanquished Creatures (collateral kills)
  A hell hog (D)
  A soul eater (D)
  A swamp dragon (D)
  An efreet (D)
  A tyrant leech (D)
  A bog body (D)
  4 yaks (D)
  A basilisk (D)
  A wraith (D)
  A hell hound (D)
  An orc warrior (D)
  A bat (D)
  A frilled lizard (D)
16 creatures vanquished.

Vanquished Creatures (others)
  2 orc knights (D)
  2 orc priests (D)
  3 orc wizards (D)
  3 orc warriors (D)
  3 orcs (D)
13 creatures vanquished.

Grand Total: 127 creatures vanquished

Notes
Turn   | Place    | Note
-------+----------+-------------------------------------------
     0 | D        | potatolord6000 the Hill Orc Monk began the quest for the Orb.
     0 | D        | Reached XP level 1. HP: 19/19 MP: 1/1
    17 | D        | Reached skill level 1 in Armour
    47 | D        | Found a bloodstained altar of Trog.
    47 | D        | Found a deep blue altar of Sif Muna.
    47 | D        | Found a viscous altar of Jiyva.
    47 | D        | Found a hazy altar of Hepliaklqana.
    47 | D        | Found an opulent altar of Gozag.
    48 | D        | Found a glowing golden altar of the Shining One.
    48 | D        | Found a glowing silver altar of Zin.
    48 | D        | Found a basalt altar of Yredelemnul.
    48 | D        | Found a shimmering altar of Xom.
    48 | D        | Found a sacrificial altar of Ru.
    48 | D        | Found a stormy altar of Qazlal.
    48 | D        | Found an iron altar of Okawaru.
    48 | D        | Found a sparkling altar of Nemelex Xobeh.
    48 | D        | Found a burning altar of Makhleb.
    48 | D        | Found a blossoming altar of Fedhas.
    48 | D        | Found a white marble altar of Elyvilon.
    48 | D        | Found a shadowy altar of Dithmenos.
    48 | D        | Found a snail-covered altar of Cheibriados.
    51 | D        | Found a corrupted altar of Lugonu.
    51 | D        | Found a radiant altar of Vehumet.
    51 | D        | Found a roughly hewn altar of Beogh.
    52 | D        | Found an ancient bone altar of Kikubaaqudgha.
    52 | D        | Found a hide-covered altar of Uskayaw.
    52 | D        | Found a shattered altar of Ashenzari.
    60 | D        | Became a worshipper of Beogh the Brigand
    60 | D        | Reached * piety under Beogh
    60 | D        | Reached ** piety under Beogh
    79 | D        | Noticed a worker ant
    79 | D        | Noticed a floating eye
    85 | D        | Killed a worker ant
    85 | D        | Reached skill level 5 in Fighting
    85 | D        | Reached skill level 3 in Invocations
    85 | D        | Reached XP level 2. HP: 27/29 MP: 1/4
    85 | D        | Reached XP level 3. HP: 34/36 MP: 1/5
    85 | D        | Paralysed by a floating eye for 2 turns
    90 | D        | Killed a floating eye
    90 | D        | Reached skill level 5 in Armour
    90 | D        | Reached skill level 5 in Invocations
    90 | D        | Reached XP level 4. HP: 43/45 MP: 1/8
    90 | D        | Reached XP level 5. HP: 49/51 MP: 1/9
    97 | D        | Reached *** piety under Beogh
   115 | D        | Reached **** piety under Beogh
   192 | D        | Noticed a phantom
   192 | D        | Noticed a deep elf mage
   194 | D        | Killed a deep elf mage
   194 | D        | Reached skill level 9 in Invocations
   194 | D        | Reached XP level 6. HP: 44/66 MP: 6/13
   194 | D        | Reached XP level 7. HP: 47/71 MP: 6/14
   198 | D        | Reached skill level 10 in Fighting
   205 | D        | Reached skill level 10 in Invocations
   214 | D        | Reached XP level 8. HP: 75/81 MP: 3/16
   299 | D        | Reached ***** piety under Beogh
   302 | D        | Noticed a rime drake
   308 | D        | Killed a rime drake
   308 | D        | Reached skill level 10 in Long Blades
   308 | D        | Reached skill level 10 in Armour
   308 | D        | Reached skill level 11 in Invocations
   311 | D        | Noticed Edmund
   321 | D        | Killed Edmund
   338 | D        | Noticed an efreet
   340 | D        | Killed an efreet
   340 | D        | Reached skill level 12 in Invocations
   340 | D        | Reached XP level 9. HP: 46/90 MP: 10/18
   584 | D        | Noticed an orange demon
   586 | D        | Killed an orange demon
   591 | D        | Reached skill level 13 in Invocations
   602 | D        | Noticed a swamp dragon
   607 | D        | Killed a swamp dragon
   652 | D        | Reached ****** piety under Beogh
   694 | D        | Noticed Purgy
   699 | D        | Killed Purgy
   699 | D        | Reached skill level 14 in Invocations
   700 | D        | Reached XP level 10. HP: 101/101 MP: 20/20
   727 | D        | Noticed an orange demon
   729 | D        | Noticed a merfolk siren
   729 | D        | Killed an orange demon
   737 | D        | Killed a merfolk siren
   756 | D        | Noticed an eight-headed hydra
   757 | D        | Noticed a deep troll
   780 | D        | Reached skill level 15 in Invocations
   800 | D        | Killed an eight-headed hydra
   820 | D        | Killed a deep troll
   820 | D        | Reached skill level 15 in Fighting
   827 | D        | Noticed a swamp dragon
   831 | D        | Noticed a lindwurm
   833 | D        | Killed a swamp dragon
   833 | D        | Reached XP level 11. HP: 68/112 MP: 22/22
   835 | D        | Killed a lindwurm
   835 | D        | Reached skill level 16 in Invocations
  1181 | D        | Reached skill level 15 in Long Blades
  1192 | D        | Reached skill level 17 in Invocations
  1386 | D        | Reached skill level 15 in Armour
  1399 | D        | Noticed an orc knight
  1406 | D        | Killed an orc knight
  1678 | D        | Noticed a soul eater
  1710 | D        | Killed a soul eater
  1997 | D        | Noticed a catoblepas
  1997 | D        | Noticed a phantasmal warrior
  2014 | D        | Killed a catoblepas
  2014 | D        | Reached skill level 18 in Invocations
  2014 | D        | Reached XP level 12. HP: 56/125 MP: 23/25
  2168 | D        | Noticed a spriggan berserker
  2169 | D        | Noticed a hell hog
  2170 | D        | Killed a spriggan berserker
  2171 | D        | Noticed a hell hog
  2172 | D        | Noticed a hell beast
  2173 | D        | Killed a hell hog
  2175 | D        | Killed a hell hog
  2187 | D        | Noticed a hell hog
  2193 | D        | Killed a hell beast
  2201 | D        | Killed a hell hog
  2221 | D        | Got the +9 plate armour "Nesuxo" {rCorr}
  2336 | D        | Noticed a merfolk avatar
  2337 | D        | Noticed Psyche
  2338 | D        | Noticed a golden dragon
  2340 | D        | Noticed Urug
  2345 | D        | Reached skill level 19 in Invocations
  2353 | D        | Noticed a two-headed ogre
  2354 | D        | Noticed a spriggan defender
  2355 | D        | Killed Psyche
  2358 | D        | Killed a spriggan defender
  2360 | D        | Noticed a vampire knight
  2360 | D        | Killed Urug
  2375 | D        | Noticed a catoblepas
  2406 | D        | Killed a catoblepas
  2418 | D        | Killed a merfolk avatar
  2434 | D        | HP: 4/192 [something (8)]
  2435 | D        | Slain by a two-headed ogre

Skill      XL: |  1  2  3  4  5  6  7  8  9 10 11 12 |
---------------+-------------------------------------+-----
Armour         | 3 5 8 9 10 12 13 15 17 | 17.2
Fighting       | 5 6 9 10 12 13 15 17 18 | 18.7
Long Blades    | 4 6 9 11 12 14 15 17 | 17.3
Invocations    | 3 5 9 10 12 14 15 18 19 | 19.7
Dodging        | |  2.4
Stealth        | |  1.5

Action                   |  1- 3 |  4- 6 |  7- 9 | 10-12 || total
-------------------------+-------+-------+-------+-------++-------
Melee: Falchion          |    10 |     8 |       |       ||    18
       Long sword        |       |       |    82 |   215 ||   297
Invok: Smiting           |       |     1 |    11 |    60 ||    72
       Resurrection      |       |       |     1 |     2 ||     3
       Recall Orcish Fol |       |       |       |     1 ||     1
  Use: Potion            |     2 |       |    12 |    26 ||    40
       Scroll            |       |       |       |     2 ||     2
 Stab: Invisible         |     1 |     1 |     2 |       ||     4
       Sleeping          |     1 |     1 |       |       ||     2
       Distracted        |       |       |       |     3 ||     3
  Eat: Meat ration       |       |       |       |     2 ||     2
Armor: Robe              |     1 |       |       |       ||     1
       Chain mail        |       |       |    47 |    98 ||   145
       Plate armour      |       |       |       |    72 ||    72
Dodge: Dodged            |     9 |     6 |    45 |   141 ||   201
       Rpst.: Falchion   |     2 |     2 |       |       ||     4
       Long sword        |       |       |    12 |    33 ||    45
